 Dungeon Crawl Stone Soup version 0.30.0-29-ga12c61a403 (webtiles) character file.

Game seed: 1766163790426872329

70 cheesebisquit the Insei (level 4, -2/33 HPs)
             Began as a Merfolk Transmuter on June 10, 2023.
             Slain by a gnoll
             ... wielding a +0 halberd
              (14 damage)
             ... on level 3 of the Dungeon.
             The game lasted 00:05:46 (1895 turns).

cheesebisquit the Insei (Merfolk Transmuter)        Turns: 1895, Time: 00:05:47

Health: -2/33      AC:  2    Str: 10    XL:     4   Next: 21%
Magic:  16/16      EV: 13    Int: 14    God:
Gold:   104        SH:  0    Dex: 14    Spells: 4/8 levels left

rFire   . .          .
                       - Unarmed
rCold   . . .        (no shield)
rNeg    . . .        a - +0 robe
rPois   .            (helmet currently unavailable)
rElec   .            (no cloak)
rCorr   .            (no gloves)
SInv    .            (boots currently unavailable)
Will    .....        (no amulet)
Stlth   +            m - ring of magical power
HPRegen 0.25/turn    (no ring)
MPRegen 0.15/turn

%: no passive effects
@: appendages (expiring)
A: horns 2, (nimble swimmer 2), mertail
a: End Transformation


You were on level 3 of the Dungeon.
You had temporarily grown beastly horns.
You visited 1 branch of the dungeon, and saw 3 of its levels.

You collected 104 gold pieces.

Inventory:

Missiles
 l - 4 poisoned darts
Armour
 a - a +0 robe (worn)
Jewellery
 m - a ring of magical power (left hand)
Scrolls
 c - 2 scrolls of noise {unknown}
 d - a scroll of teleportation {unknown}
 e - a scroll of identify {unknown}
 f - a scroll of magic mapping {unknown}
 g - a scroll of acquirement {unknown}
Potions
 b - a potion of lignification
 h - 2 potions of magic {unknown}
 i - 2 potions of flight {unknown}
 j - a potion of invisibility {unknown}
 k - 5 potions of curing
 n - a potion of brilliance {unknown}


   Skills:
 + Level 2.0 Fighting
 + Level 3.5 Dodging
 + Level 3.8 Unarmed Combat
 + Level 2.5 Spellcasting
 + Level 3.5 Transmutations


You had 4 spell levels left.
You knew the following spells:

 Your Spells              Type           Power      Damage    Failure   Level
a - Beastly Appendage     Tmut           22%        N/A       5%          1
b - Spider Form           Tmut/Pois      6%         N/A       32%         3

Your spell library contained the following spells:

 Spells                   Type           Power      Damage    Failure   Level
 Wereblood                Tmut           11%        N/A       8%          2
 Passwall                 Tmut/Erth      5%         N/A       17%         2
 Sandblast                Erth           2%         2d4       22%         1
 Stone Arrow              Conj/Erth      2%         3d7       56%         3
 Ice Form                 Ice/Tmut       6%         N/A       73%         4


Dungeon Overview and Level Annotations

Branches:
Dungeon (3/15)

Altars:


Innate Abilities, Weirdness & Mutations

You have temporarily grown beastly horns.
((You are very nimble when in or above water. (Stealth+, EV+, Speed+++)))
Your lower body shifts to a powerful aquatic tail in water.


Message History

You barely miss the orc. You punch the orc.
The orc is moderately wounded.
The orc barely misses you.
You barely miss the orc. Your headbutt misses the orc.
The orc is moderately wounded.
The orc hits you with a +4 hand axe of holy wrath.
You hit the orc.
You kill the orc!
You hit the gnoll.
The gnoll is lightly wounded.
The gnoll barely misses you.
You hit the gnoll but do no damage.
The gnoll is lightly wounded.
Your horns disappear.
The gnoll misses you.
You are too injured to fight recklessly!
You are too injured to fight recklessly!
Casting: Beastly Appendage (safe; 5% risk of failure)
Press: ? - help, Q - select action, (/) - cycle Dir - look around, f - activate You grow a pair of large bovine horns.
The gnoll hits you with a +0 whip.
You hit the gnoll. You headbutt the gnoll.
The gnoll is moderately wounded.
The gnoll closely misses you.
Okay, then.
You completely miss the gnoll.
The gnoll is moderately wounded.
The gnoll barely misses you.
You hit the gnoll.
The gnoll is heavily wounded.
The gnoll misses you.
You hit the gnoll. You headbutt the gnoll.
You kill the gnoll!
You hit the orc but do no damage. You closely miss the orc.
The orc completely misses you.
You hit the orc.
The orc is almost dead.
Your transformation is almost over.
The gnoll hits you from afar with a +0 halberd!
You die...

# #. ...
....###########
.....g........#
.o......#...#.#
#J.###..# #..##
##g############### #
.....#
#Jo@............###.
#.##..#
#.####..##..........
# ##.. #.##
#..##........#. #.#
... #..##.........#
#.#####
#..##>...^....# #.#
##...........#.#
..........#.##
#.........#.##
.............#..


You could see a gnoll, an orc and an endoplasm.

Vanquished Creatures
  A sleepcap (D:2)
  A gnoll (D:3)
  A worm (D:2)
  A dart slug (D:1)
  2 orcs (D:3)
  3 ball pythons
  4 bats
  2 endoplasms (D:2)
  A hobgoblin (D:2)
  4 kobolds
  A quokka (D:1)
  4 goblins
  3 rats
28 creatures vanquished.

Notes
Turn   | Place    | Note
-------+----------+-------------------------------------------
     0 | D:1      | cheesebisquit the Merfolk Transmuter began the quest for
                  | the Orb.
     0 | D:1      | Reached XP level 1. HP: 15/15 MP: 3/3
   293 | D:1      | Reached XP level 2. HP: 21/21 MP: 3/5
   904 | D:2      | HP: 1/20 [sleepcap (5)]
   906 | D:2      | Reached XP level 3. HP: 2/27 MP: 4/6
  1224 | D:2      | Learned a level 3 spell: Spider Form
  1870 | D:3      | Reached XP level 4. HP: 31/33 MP: 7/7
  1895 | D:3      | Slain by a gnoll

Illustrated notes

Levels and vault maps discovered:
D:1:      tarquinn_simple_flora_water_e, layout_loops_ring
D:2:      layout_loops_ring
D:3:      layout_loops_ring, uniq_terence, uniq_crazy_yiuf_cottage,
          uniq_grinder, uniq_robin

Skill      XL: |  1  2  3 |
---------------+----------+-----
Dodging        | 3 |  3.5
Transmutations | 3 |  3.5
Fighting       | 2 |  2.0
Unarmed Combat | |  3.8
Spellcasting   | |  2.5

Action                     |  1- 3 |  4- 6 || total
---------------------------+-------+-------++-------
  Melee: Unarmed           |    81 |    16 ||    97
         Headbutt          |    15 |     4 ||    19
         Punch             |     2 |     2 ||     4
   Cast: Beastly Appendage |    22 |     1 ||    23
    Use: Potion            |     1 |       ||     1
 Armour: Robe              |    15 |       ||    15
  Dodge: Dodged            |    50 |    14 ||    64
